 Dungeon Crawl Stone Soup version 0.32-a0-768-g0f6f1dd4b9 (webtiles) character file.

Game seed: 6594328428837455808

2384 zenocrate the Digger (level 9, 0/56 HPs)
             Began as an Octopode Earth Elementalist on Mar 15, 2024.
             Was an Initiate of Gozag.
             Slain by a steam dragon (3 damage)
             ... summoned by an orange crystal statue
             ... on level 7 of the Dungeon on Mar 19, 2024.
             The game lasted 00:09:41 (5766 turns).

zenocrate the Digger (Octopode Earth Elementalist)  Turns: 5766, Time: 00:09:42

Health: 0/56       AC:  5    Str:  9    XL:     9   Next: 45%
Magic:  9/17       EV: 18    Int: 25    God:    Gozag
Gold:   731        SH:  0    Dex: 13    Spells: 6/19 levels left

rFire   . .          .
                       - Unarmed
rCold   . . .        (no shield)
rNeg    . . .        (helmet restricted)
rPois   .            m - amulet of regeneration
rElec   .            c - ring of willpower
rCorr   .            l - +5 ring of evasion
SInv    +            n - +4 ring of protection
Will    +++..        q - ring of flight
Stlth   ++++         w - ring of willpower
HPRegen 1.09/turn    h - ring "Zomim" {Int+6 SInv}
MPRegen 0.15/turn    z - ring "Roux" {Will+ SInv}
                     (no ring)

%: no passive effects
@: flying
A: almost no armour, amphibious, 8 rings, camouflage 1, gelatinous body 1,
nimble swimmer 1, tentacles
a: Renounce Religion, Potion Petition, Call Merchant, Bribe Branch


You were on level 7 of the Dungeon.
You worshipped Gozag.
Gozag was pleased with you.
You visited 2 branches of the dungeon, and saw 8 of its levels.

You collected 763 gold pieces.
You paid 32 gold pieces to Gozag.

Inventory:

Jewellery
 c - a ring of willpower (left tentacle)
 h - the ring "Zomim" (on tentacle) {Int+6 SInv}
   (You acquired it on level 6 of the Dungeon)

   [ring of intelligence]

   Int+6:     It affects your intelligence (+6).
   SInv:      It lets you see invisible.
 l - a +5 ring of evasion (right tentacle)
 m - an amulet of regeneration (around mantle)
 n - a +4 ring of protection (on tentacle)
 q - a ring of flight (on tentacle)
 t - a ring of fire
 v - an amulet of the acrobat
 w - a ring of willpower (on tentacle)
 z - the ring "Roux" (on tentacle) {Will+ SInv}
   (You acquired it on level 6 of the Dungeon)

   [ring of see invisible]

   Will+:     It increases your willpower.
   SInv:      It lets you see invisible.
Talismans
 d - a granite talisman
Wands
 r - a wand of flame (18)
 B - a wand of polymorph (8)
Scrolls
 b - a scroll of enchant weapon {unknown}
 e - 2 scrolls of torment
 k - 2 scrolls of teleportation
 o - a scroll of fog {unknown}
 p - a scroll of blinking
 s - a scroll of enchant armour {unknown}
 x - a scroll of noise {unknown}
 y - a scroll of fear {unknown}
Potions
 f - a potion of curing
 g - a potion of attraction
 i - 2 potions of invisibility
 j - a potion of resistance
 A - a potion of lignification {unknown}


   Skills:
 - Level 3.0 Fighting
 - Level 3.1 Dodging
 - Level 2.6 Stealth
 + Level 2.7 Unarmed Combat
 + Level 5.7 Spellcasting
 + Level 5.9 Conjurations
 + Level 6.9 Earth Magic
 + Level 3.3 Evocations
 + Level 2.1 Shapeshifting


You had 6 spell levels left.
You knew the following spells:

 Your Spells              Type           Power      Damage    Failure   Level
a - Stone Arrow           Conj/Erth      78%        3d11      1%          3
b - Petrify               Alch/Erth      24%        N/A       19%         4
c - Sandblast             Erth           82%        2d17      1%          1
x - Blink                 Tloc           14%        N/A       12%         2
z - Passwall              Erth           41%        N/A       1%          3

Your spell library contained the following spells:

 Spells                   Type           Power      Damage    Failure   Level
 Magic Dart               Conj           100%       1d8       1%          1
 Foxfire                  Conj/Fire      88%        2x1d8     2%          1
 Brom's Barrelling Bould  Conj/Erth      39%        2d6       5%          4
 Mephitic Cloud           Conj/Alch/Air  17%        N/A       11%         3
 Call Imp                 Summ           14%        N/A       12%         2
 Mercury Vapours          Alch/Air       14%        N/A       12%         2
 Scorch                   Fire           14%        2d5       12%         2
 Flame Wave               Conj/Fire      22%        2d8       22%         4
 Freezing Cloud           Conj/Ice/Air   8%         6-21      67%         5
 Starburst                Conj/Fire      11%        6d5       98%         6
 Plasma Beam              Fire/Air       3%         2x1d13    100%        6
 Summon Cactus Giant      Summ           3%         N/A       100%        6


Dungeon Overview and Level Annotations

Branches:
Dungeon (7/15)             Temple (1/1) D:4

Altars:
Ashenzari
Cheibriados
Dithmenos
Elyvilon
Fedhas
Gozag
Hepliaklqana
Kikubaaqudgha
Makhleb
Nemelex Xobeh
Okawaru
Qazlal
Ru
Sif Muna
Trog
Uskayaw
Vehumet
Wu Jian
Xom
Yredelemnul
Zin
The Shining One

Annotations:
D:7 exclusion: orange crystal statue


Innate Abilities, Weirdness & Mutations

You cannot wear most types of armour.
You are amphibious.
You can wear up to eight rings at the same time.
Your skin changes colour to match your surroundings (Stealth+).
Your rubbery body absorbs attacks. (AC +1, EV +1)
You are camouflaged when in or above water. (Stealth+)
You have tentacles for arms and can constrict up to eight enemies at once.


Message History

Aiming: Stone Arrow (safe; 1% risk of failure)
Press: ? - help, Shift-Dir - straight line, f/p - orange crystal statue
Aim: an orange crystal statue (severely damaged, 100% to hit)
The stone arrow misses the wyvern.
The stone arrow hits the orange crystal statue!!
The orange crystal statue is almost destroyed.
The wyvern misses you. The wyvern closely misses you.
The orange crystal statue glitters.
You resist with almost no effort. The wyvern barely misses you. x2
The steam dragon breathes steam at you. The ball of steam misses you.
Unknown command.
Casting: Stone Arrow (safe; 1% risk of failure)
Confirm with . or Enter, or press ? or * to list all spells.
Aiming: Stone Arrow (safe; 1% risk of failure)
Press: ? - help, Shift-Dir - straight line, f/p - orange crystal statue
Aim: an orange crystal statue (almost destroyed, 100% to hit)
The stone arrow hits the wyvern!!
The wyvern is severely wounded.
You are engulfed in a cloud of scalding steam.
The wyvern bites you! The wyvern misses you.
Unknown command.
Unknown command.
Casting: Stone Arrow (safe; 1% risk of failure)
Confirm with . or Enter, or press ? or * to list all spells.
Aiming: Stone Arrow (safe; 1% risk of failure)
Press: ? - help, Shift-Dir - straight line, f/p - orange crystal statue
Aim: an orange crystal statue (almost destroyed, 100% to hit)
The stone arrow hits the wyvern.
You kill the wyvern!
The wyvern's corpse dissolves into shadows!
You are engulfed in a cloud of scalding steam.
* * * LOW HITPOINT WARNING * * *
The wyvern bites you!
* * * LOW HITPOINT WARNING * * *
The orange crystal statue glitters.
You resist with almost no effort. The steam dragon completely misses you.
The steam dragon claws you.
You die...
Your body crumbles into a pile of gold.

#≈≈≈≈#
#.....#
##≈≈≈##
#.....# #
#≈≈≈##
#.....# #
#≈≈≈#
#....####
#≈≈≈##
#.....##.
##≈≈$#
#..(..##.
#≈≈≈##
#...#..#.
##§§≈###
#....#...
#≈@D≈≈#
#....#...
##≈k≈≈≈#
#.....#..
##g~g≈~#
#........
I#g))#
#...###..
###gg#
#....###.
g=#
#....# ##
## ######
#


You could see an orange crystal statue, a steam dragon (summoned, catching
breath), a wyvern (summoned), a gnoll bouda (summoned) and 5 gnolls.

Vanquished Creatures
  Maggie (D:6)
  A troll (D:7)
  Sigmund (D:2)
  Menkaure (D:5)
  A water moccasin (D:6)
  A sky beast (D:7)
  A black bear (D:6)
  A phantom (D:7)
  Blork the orc (D:6)
  2 bullfrogs (D:7)
  A gnoll sergeant (D:7)
  A scorpion (D:3)
  6 killer bees (D:7)
  2 electric eels (D:7)
  A bombardier beetle (D:3)
  3 hounds
  2 orc priests
  A jelly (D:7)
  A sleepcap (D:5)
  Terence (D:2)
  3 iguanas
  2 orc wizards (D:5)
  4 gnolls
  7 adders
  A shadow imp (D:6)
  2 white imps (D:7)
  2 dart slugs
  3 ribbon worms
  8 orcs
  10 ball pythons
  9 endoplasms
  3 giant cockroaches
  7 hobgoblins
  3 quokkas
  4 bats
  4 frilled lizards
  7 goblins
  7 kobolds
  8 rats
124 creatures vanquished.

Notes
Turn   | Place    | Note
-------+----------+-------------------------------------------
     0 | D:1      | zenocrate the Octopode Earth Elementalist began the quest
                  | for the Orb.
     0 | D:1      | Reached XP level 1. HP: 11/11 MP: 3/3
   238 | D:1      | Reached XP level 2. HP: 17/17 MP: 3/5
   520 | D:1      | Reached XP level 3. HP: 19/21 MP: 6/6
   524 | D:1      | Learned a level 3 spell: Stone Arrow
  1055 | D:2      | Noticed Sigmund
  1066 | D:2      | Killed Sigmund
  1067 | D:2      | Reached skill level 4 in Earth Magic
  1067 | D:2      | Reached XP level 4. HP: 14/27 MP: 4/8
  1067 | D:2      | Reached XP level 5. HP: 16/31 MP: 4/9
  1146 | D:2      | Learned a level 3 spell: Passwall
  1177 | D:2      | Noticed Terence
  1187 | D:2      | Killed Terence
  1188 | D:2      | Reached XP level 6. HP: 23/36 MP: 5/10
  1804 | D:3      | Found a glowing silver altar of Zin.
  1948 | D:3      | Found a shadowy altar of Dithmenos.
  2445 | D:4      | Learned a level 4 spell: Petrify
  2516 | D:4      | Reached skill level 5 in Earth Magic
  2703 | D:4      | Found a staircase to the Ecumenical Temple.
  2704 | D:4      | Found a hide-covered altar of Uskayaw.
  2743 | Temple   | Entered the Ecumenical Temple
  2763 | Temple   | Became a worshipper of Gozag Ym Sagoz the Greedy
  2814 | D:4      | Reached XP level 7. HP: 41/41 MP: 8/12
  2992 | D:4      | Learned a level 2 spell: Blink
  2999 | D:5      | Entered Level 5 of the Dungeon
  3319 | D:5      | Reached skill level 1 in Fighting
  3404 | D:5      | Noticed Menkaure
  3409 | D:5      | Killed Menkaure
  3636 | D:6      | Noticed Maggie
  3643 | D:6      | Killed Maggie
  3644 | D:6      | Reached XP level 8. HP: 51/51 MP: 4/15
  3651 | D:6      | Reached skill level 6 in Earth Magic
  3742 | D:6      | Upgraded the game from 0.32-a0-711-g016ad743e0 to
                  | 0.32-a0-768-g0f6f1dd4b9
  3871 | D:6      | Noticed Blork the orc
  3876 | D:6      | Killed Blork the orc
  4048 | D:6      | Reached skill level 5 in Conjurations
  4051 | D:6      | Reached skill level 5 in Spellcasting
  4051 | D:6      | Reached skill level 1 in Evocations
  4175 | D:6      | Found a blossoming altar of Fedhas.
  4324 | D:6      | Identified 3 scrolls of acquirement
  4324 | D:6      | Acquired a granite talisman
  4326 | D:6      | Acquired the ring "Roux" {Will+ SInv}
  4328 | D:6      | Acquired the ring "Zomim" {Int+6 SInv}
  4459 | D:7      | Reached skill level 1 in Unarmed Combat
  4459 | D:7      | Noticed a troll
  4475 | D:7      | Killed a troll
  4476 | D:7      | Reached skill level 1 in Shapeshifting
  4573 | D:7      | Found a snail-covered altar of Cheibriados.
  4573 | D:7      | Found an ancient bone altar of Kikubaaqudgha.
  4594 | D:7      | Reached XP level 9. HP: 56/56 MP: 12/17
  4887 | D:7      | HP: 2/56 [killer bee (4)]
  5068 | D:7      | Noticed an orange crystal statue
  5766 | D:7      | Slain by a steam dragon

Illustrated notes

Levels and vault maps discovered:
D:1:      saegor_arrival_simple_a, layout_loops_cross
D:2:      minmay_diamond_boxcup, layout_basic, st_stairs_9, uniq_terence,
          uniq_sigmund
D:3:      layout_loops_ring, nicolae_dithmenos_the_darkroom,
          mainiacjoe_overflow_paths
D:4:      layout_basic, mainiacjoe_overflow_catwalk,
          minmay_temple_entry_offerings
D:5:      layout_rooms, kennysheep_generic_room_7, uniq_menkaure
D:6:      layout_rooms, mainiacjoe_overflow_cross_hatched, uniq_blork_the_orc,
          uniq_maggie
D:7:      statuecave_lemuel, layout_cave_pods, jmf_multi_god_temple,
          hangedman_decor_diamond_cutter
Temple:   nicolae_temple_bog_church

Skill      XL: |  1  2  3  4  5  6  7  8  9 |
---------------+----------------------------+-----
Spellcasting   | 3 4 5 |  5.7
Conjurations   | 2 3 4 5 |  5.9
Earth Magic    | 4 5 6 |  6.9
Dodging        | 3 |  3.1
Fighting       | 2 3 |  3.0
Evocations     | 2 3 |  3.3
Unarmed Combat | 1 2 |  2.7
Shapeshifting  | 1 2 |  2.1
Stealth        | |  2.6

Action                     |  1- 3 |  4- 6 |  7- 9 || total
---------------------------+-------+-------+-------++-------
  Melee: Unarmed           |    54 |    89 |   110 ||   253
         Constrict         |    18 |    28 |    24 ||    70
         Tentacles         |    11 |    26 |    40 ||    77
         Punch             |     1 |     2 |     2 ||     5
   Cast: Sandblast         |    16 |     3 |       ||    19
         Stone Arrow       |       |     6 |    57 ||    63
  Evoke: Wand              |       |       |     5 ||     5
    Use: Scroll            |       |       |    14 ||    14
         Potion            |       |       |     6 ||     6
   Stab: Sleeping          |     8 |    13 |     4 ||    25
         Distracted        |       |     1 |       ||     1
 Armour: Skin              |    18 |    23 |    76 ||   117
  Dodge: Dodged            |    34 |    43 |   146 ||   223

Table legend: (Time is in decaauts)
 A = Elapsed time spent in this place.
 B = Non-inter-level travel time spent in this place.
 C = Inter-level travel time spent in this place.
 D = Time resting spent in this place.
 E = Time spent auto-exploring this place.
 F = Levels seen in this place.
 G = Mean time per level.
                   A        B        C        D        E       F      G
               +--------+--------+--------+--------+--------+-----+--------+
         Total |   5776 |   5548 |    228 |      2 |   4591 |   8 |  722.0 |
       Dungeon |   5735 |   5545 |    190 |      2 |   4591 |   7 |  819.3 |
        Temple |     40 |      2 |     38 |      0 |      0 |   1 |   40.0 |
               +--------+--------+--------+--------+--------+-----+--------+

Top non-repeatable levels by time:
     D:7: 1421 daAuts
     D:3: 919 daAuts
     D:1: 842 daAuts
     D:2: 717 daAuts
     D:6: 714 daAuts
     D:5: 636 daAuts
     D:4: 483 daAuts
  Temple: 40 daAuts
